 Dungeon Crawl Stone Soup version 0.18.1-48-g4cf74bf (webtiles) character file.

2853 tyranidshit the Cleaver (level 9, -3/90 HPs)
             Began as a Deep Dwarf Necromancer on July 22, 2016.
             Was a Believer of Makhleb.
             Slain by Grum
             ... wielding a +1 glaive
              (20 damage)
             ... on level 8 of the Dungeon.
             The game lasted 00:20:49 (6428 turns).

tyranidshit the Cleaver (Deep Dwarf Necromancer)    Turns: 6428, Time: 00:20:50

Health: -3/90      AC: 10    Str: 21    XL:     9   Next: 46%
Magic:  13/13      EV: 11    Int: 17    God:    Makhleb [**....]
Gold:   407        SH:  0    Dex: 13    Spells: 1 memorised, 10 levels left

rFire  . . .     SeeInvis .     t - +0 war axe
rCold  . . .     Gourm    .     e - -2 ring mail (curse)
rNeg   . . .     Faith    .     (no shield)
rPois  .         Spirit   .     k - +2 helmet
rElec  .         Dismiss  .     q - +2 cloak
rCorr  .         Reflect  .     (no gloves)
SustAt .         Harm     .     w - +0 pair of boots
MR     +....                    (no amulet)
Stlth  +.........               i - ring of wizardry
                                j - ring of magical power

@: mighty, non-regenerating, somewhat resistant to hostile enchantments, very
unstealthy
A: damage resistance, recharge devices, sense surroundings 2, slow regeneration
3, strong 1
a: Device Recharging, Minor Destruction, Renounce Religion


You were on level 8 of the Dungeon.
You worshipped Makhleb.
Makhleb was pleased with you.
You were not hungry.

You visited 1 branch of the dungeon, and saw 8 of its levels.

You collected 407 gold pieces.

Inventory:

Hand Weapons
 t - a +0 war axe (weapon)
Armour
 a - a +0 plate armour
 e - a cursed -2 ring mail (worn)
 f - a +0 helmet
 k - a +2 helmet (worn)
 q - a +2 cloak (worn)
 w - a +0 pair of boots (worn)
 y - a +1 scale mail of poison resistance
Jewellery
 i - a ring of wizardry (right hand)
 j - a ring of magical power (left hand)
 v - an uncursed ring of flight
Wands
 c - a wand of heal wounds (1/9)
 s - a wand of random effects (17/48)
Scrolls
 g - 5 scrolls of identify
 r - a scroll of magic mapping
Potions
 l - 3 potions of curing
 m - a potion of lignification
 n - 2 potions of resistance
 p - a potion of flight
 B - a potion of cure mutation
Books
 b - a book of Necromancy

   Spells                             Type                      Level
   a - Pain                           Necromancy                   1
   b - Animate Skeleton               Necromancy                   1
   c - Vampiric Draining              Necromancy                   3
   d - Regeneration                   Charms/Necromancy            3
   e - Animate Dead                   Necromancy                   4
   f - Control Undead                 Necromancy                   4
Comestibles
 d - 5 bread rations
 h - 2 slices of pizza
 o - 7 fruits
 u - a beef jerky
 x - a meat ration


   Skills:
 + Level 8.4 Fighting
 + Level 10.1 Axes
 - Level 2.1 Dodging
 - Level 2.4 Stealth
 - Level 1.7 Spellcasting
 - Level 4.3 Necromancy


You had 10 spell levels left.
You knew the following spells:

 Your Spells              Type           Power        Failure   Level  Hunger
a - Pain                  Necr           ###.         3%          1    #......


Dungeon Overview and Level Annotations

Branches:
Dungeon (8/15)             Temple (0/1) D:5
   Lair: D:8-11

Altars:
Fedhas
Makhleb
Nemelex Xobeh
Pakellas
Qazlal
Ru
Sif Muna

Shops:
D:4 }   D:6 =[(:   D:8 %

Annotations:
D:5 Blork the orc
D:7 Prince Ribbit
D:8 Grum


Innate Abilities, Weirdness & Mutations

You are resistant to damage.
You can recharge devices by infusing magical energy.
You passively map the area around you.
You do not regenerate naturally.
Your muscles are strong. (Str +2)


Message History

You hit the adder.
The adder is heavily wounded.
The adder closely misses you.
You miss the adder.
The adder is heavily wounded.
The adder misses you.
Grum hits you from afar with an enchanted glaive!
* * * LOW HITPOINT WARNING * * *
The adder closely misses you.
You barely miss the adder.
The adder is heavily wounded.
Grum hits you from afar with an enchanted glaive.
* * * LOW HITPOINT WARNING * * *
The adder barely misses you.
You slash the adder!
You kill the adder!
Makhleb accepts your kill.
You feel better.
Grum hits you from afar with an enchanted glaive!!
You die...

,....
...,#.##.##....#######
...
..............∩.......#
.#
*.##.###.#........#######
* #. ...* .#####....# , *
# .#.#* #....### ** .....
#......# ,,,*
#)#..#####....#.#* *
#........#....#... ,
#.......@hg.### #.# , ,*
#......[###......... , *
, #.......# ####...,?. ,
#.......# * ... , *
#.......# .. , *
#.......# ,. #..<....# ,
, , * #.......# * *** *


You could see Grum and a wolf.

Vanquished Creatures
  Sigmund (D:5)
  Eustachio (D:5)
  4 yaks (D:6)
  Menkaure (D:5)
  An orc warrior (D:6)
  2 black bears (D:7)
  A phantom (D:5)
  A wolf (D:8)
  3 centaurs
  3 giant frogs
  A wyvern skeleton (D:6)
  A water moccasin skeleton (D:6)
  2 crimson imps
  A giant frog zombie (D:7)
  A quasit (D:7)
  A centaur zombie (D:5)
  2 orc priests
  A jelly (D:7)
  3 orc wizards
  A giant frog skeleton (D:7)
  4 hounds
  Jessica (D:2)
  An iguana (D:6)
  Ijyb (D:3)
  A worker ant (D:7)
  A hound zombie (D:7)
  A hound skeleton (D:7)
  2 howler monkey zombies
  3 gnolls (D:7)
  8 adders
  2 oozes
  2 adder skeletons
  4 worms
  A dart slug (D:3)
  3 giant geckos
  12 orcs
  8 bats
  6 giant cockroaches
  13 goblins
  9 hobgoblins
  11 jackals
  4 quokkas
  6 giant newts
  A jackal skeleton (D:6)
  A jackal zombie (D:5)
  8 kobolds
  7 rats
153 creatures vanquished.

Vanquished Creatures (others)
  An orc wizard (D:3)
1 creature vanquished.

Grand Total: 154 creatures vanquished

Notes
Turn   | Place    | Note
--------------------------------------------------------------
     0 | D:1      | tyranidshit the Deep Dwarf Necromancer began the quest for the Orb.
     0 | D:1      | Reached XP level 1. HP: 15/15 MP: 3/3
   140 | D:1      | Reached skill level 1 in Fighting
   279 | D:1      | Reached XP level 2. HP: 2/25 MP: 4/4
   279 | D:1      | HP: 1/25 [jackal (1)]
   757 | D:1      | Reached XP level 3. HP: 8/33 MP: 5/5
   929 | D:2      | Noticed Jessica
   940 | D:2      | Killed Jessica
   960 | D:2      | Found a sparkling altar of Nemelex Xobeh.
   995 | D:2      | Reached XP level 4. HP: 42/42 MP: 6/6
  1149 | D:2      | Found a blossoming altar of Fedhas.
  1667 | D:2      | Found a stormy altar of Qazlal.
  2038 | D:3      | HP: 2/44 [something (2)]
  2049 | D:3      | Reached XP level 5. HP: 19/50 MP: 6/6
  2083 | D:3      | Found a faded altar to an unknown god.
  2217 | D:3      | Noticed a centaur
  2231 | D:3      | Killed a centaur
  2231 | D:3      | Reached skill level 5 in Fighting
  2789 | D:3      | Noticed Ijyb
  2821 | D:3      | Killed Ijyb
  2821 | D:3      | Reached XP level 6. HP: 32/61 MP: 6/6
  3291 | D:4      | Found a burning altar of Makhleb.
  3310 | D:4      | Became a worshipper of Makhleb the Destroyer
  3435 | D:4      | Found an oddly glowing altar of Pakellas.
  3435 | D:4      | Found Pakellas's Prime Provisions.
  3499 | D:4      | Found a sacrificial altar of Ru.
  3767 | D:5      | Entered Level 5 of the Dungeon
  3788 | D:5      | Noticed Menkaure
  3848 | D:5      | Killed Menkaure
  3873 | D:5      | Reached XP level 7. HP: 18/70 MP: 6/6
  3996 | D:5      | HP: 3/72 [phantom (1)]
  4056 | D:5      | Noticed Eustachio
  4074 | D:5      | Killed Eustachio
  4074 | D:5      | Reached skill level 2 in Axes
  4160 | D:5      | Noticed Blork the orc
  4167 | D:5      | Found a deep blue altar of Sif Muna.
  4270 | D:5      | Noticed Sigmund
  4285 | D:5      | Killed Sigmund
  4285 | D:5      | Reached skill level 4 in Axes
  4312 | D:5      | Reached XP level 8. HP: 33/80 MP: 6/6
  4321 | D:5      | Found a staircase to the Ecumenical Temple.
  4528 | D:5      | Reached * piety under Makhleb
  4665 | D:6      | Reached skill level 5 in Axes
  4727 | D:6      | HP: 4/80 [yak (8)]
  4733 | D:6      | Reached skill level 6 in Axes
  4752 | D:6      | Reached skill level 7 in Axes
  4766 | D:6      | HP: 1/80 [yak (13)]
  4770 | D:6      | Reached skill level 8 in Axes
  4816 | D:6      | Found Tagokea's Armour Shop.
  4930 | D:6      | Noticed a two-headed ogre
  5047 | D:7      | HP: 4/80 [black bear (3)]
  5050 | D:7      | Reached skill level 9 in Axes
  5101 | D:7      | Noticed Prince Ribbit
  5122 | D:7      | Gained mutation: You passively map the area around you. [Deep Dwarf growth]
  5122 | D:7      | Reached XP level 9. HP: 58/86 MP: 5/5
  5633 | D:7      | Reached ** piety under Makhleb
  5823 | D:7      | HP: 4/88 [Prince Ribbit (14)]
  5984 | D:6      | Found Ifoa's Jewellery Shoppe.
  6189 | D:6      | Gained mutation: Your muscles are strong. (Str +2) [potion of beneficial mutation]
  6196 | D:6      | Found Gesoer's Book Boutique.
  6214 | D:6      | Found Yttitama's Weapon Shop.
  6365 | D:8      | Reached skill level 10 in Axes
  6380 | D:8      | Found Wagof's Food Shoppe.
  6396 | D:8      | Noticed Grum
  6428 | D:8      | Slain by Grum

Skill      XL: |  1  2  3  4  5  6  7  8  9 |
---------------+----------------------------+-----
Fighting       | 1 2 3 4 5 6 7 8 |  8.4
Axes           | 4 9 10 | 10.1
Dodging        | |  2.1
Stealth        | |  2.4
Spellcasting   | |  1.7
Necromancy     | |  4.3

Action                   |  1- 3 |  4- 6 |  7- 9 || total
-------------------------+-------+-------+-------++-------
Melee: Club              |    24 |       |       ||    24
       Unarmed           |    14 |       |       ||    14
       Short sword       |    46 |       |       ||    46
       Hand axe          |    65 |    13 |       ||    78
       Long sword        |       |    77 |       ||    77
       Dagger            |       |   169 |       ||   169
       War axe           |       |    20 |   397 ||   417
 Cast: Pain              |     7 |     1 |       ||     8
 Abil: Device Recharging |       |     3 |     4 ||     7
Evoke: Wand              |     5 |     8 |    22 ||    35
  Use: Potion            |     2 |     5 |     5 ||    12
       Scroll            |     2 |     5 |     6 ||    13
 Stab: Sleeping          |     2 |     1 |       ||     3
  Eat: Bread ration      |       |     3 |     1 ||     4
       Meat ration       |       |       |     1 ||     1
Armor: Ring mail         |    86 |   114 |   239 ||   439
Dodge: Dodged            |   156 |   250 |   326 ||   732
